 Dungeon Crawl Stone Soup version bcrawl-1.23.1-30-gcf7fa35852 (webtiles) character file.

Game seed: 2222939130074645281

26 diana the Twirler (level 2, -1/23 HPs)
             Began as a Demonspawn Gladiator on May 28, 2020.
             Slain by a goblin (2 damage)
             ... led by Robin
             ... on level 2 of the Dungeon.
             The game lasted 00:01:26 (1051 turns).

diana the Twirler (Demonspawn Gladiator)            Turns: 1051, Time: 00:01:27

Health: -1/23      AC: 11    Str: 14    XL:     2   Next: 89%
Magic:  2/2        EV:  4    Int:  9    God:
Gold:   162        SH:  0    Dex: 14    Spells: 1/1 levels left

rFire    . . .     SeeInvis .   a - +0 quarterstaff
rCold    . . .     Gourm    .   (shield currently unavailable)
rNeg     . . .     Faith    .   l - +0 plate armour
rPois    .         Spirit   .   c - +0 helmet
rElec    .         Reflect  .   (no cloak)
rCorr    .         Harm     .   (no gloves)
MR       .....                  (no boots)
Stlth    ..........             (no amulet)
HPRegen  0.07/turn              (no ring)
MPRegen  0.08/turn              (no ring)

@: no status effects
A: talons 1
a: no special abilities


You were on level 2 of the Dungeon.
You were not hungry.

You visited 1 branch of the dungeon, and saw 2 of its levels.

You collected 162 gold pieces.

Inventory:

Hand Weapons
 a - a +0 quarterstaff (weapon)
Missiles
 d - 3 throwing nets (quivered) {!f}
 f - 50 javelins
Armour
 b - a +0 leather armour
 c - a +0 helmet (worn)
 l - a +0 plate armour (worn)
Scrolls
 h - a scroll of magic mapping {unknown}
 i - a scroll of amnesia {unknown}
 j - 2 scrolls of teleportation {unknown}
 m - a scroll of identify {unknown}
Potions
 g - a potion of agility {unknown}
 k - a potion of brilliance {unknown}
 n - a potion of haste {unknown}
Comestibles
 e - 3 rations {!d}


   Skills:
 - Level 2.4 Fighting
 + Level 3.2 Staves
 - Level 1.7 Throwing
 + Level 1.0 Armour
 - Level 2.6 Dodging


You had one spell level left.
You didn't know any spells.
Your spell library was empty.

Dungeon Overview and Level Annotations

Branches:
Dungeon (2/12)

Altars:

Annotations:
D:2 Robin


Innate Abilities, Weirdness & Mutations

You have sharp toenails.


Message History

Your plate armour prevents you from hitting the goblin.
Your kick misses the goblin.
The goblin hits you but does no damage. x2
Robin roars a battlecry!
The goblin goes into a battle-frenzy!
The goblin hits you but does no damage.
The leopard gecko bites you but does no damage.
The goblin hits you but does no damage. The goblin barely misses you.
You barely miss the goblin. You claw the goblin.
The goblin is heavily wounded.
The goblin completely misses you. The leopard gecko bites you.
* * * LOW HITPOINT WARNING * * *
The goblin hits you with a +0 dagger.
* * * LOW HITPOINT WARNING * * *
The goblin hits you but does no damage.
You hit the goblin.
You kill the goblin!
The leopard gecko barely misses you. The goblin hits you with a +0 dagger.
* * * LOW HITPOINT WARNING * * *
The goblin hits you.
You die...

#######.. .. #...?..$# ..#
#....... #.# ....l. #.#
....g #.# #'#)# #.# #.#)# .
#.###############l#)##....
...............)@gg........
#.###############g.##..#...
......... #.........
.......## #..........
.......# #..........
.......# #..........
.......# #...#####..
.......# #.... ########


You could see Robin, a leopard gecko and 2 goblins.

Vanquished Creatures
  A dart slug (D:1)
  3 bats (D:1)
  3 hobgoblins
  2 kobolds
  A quokka (D:2)
  A frilled lizard (D:1)
  9 goblins (D:2)
20 creatures vanquished.

Notes
Turn   | Place    | Note
-------+----------+-------------------------------------------
     0 | D:1      | diana the Demonspawn Gladiator began the quest for the Orb.
     0 | D:1      | Reached XP level 1. HP: 16/16 MP: 1/1
   409 | D:1      | Reached skill level 3 in Staves
   409 | D:1      | Gained mutation: You have sharp toenails. [demonic
                  | ancestry]
   409 | D:1      | Reached XP level 2. HP: 19/23 MP: 2/2
  1023 | D:2      | Noticed Robin
  1045 | D:2      | Reached skill level 1 in Armour
  1050 | D:2      | HP: 1/23 [goblin/+0 dagger[Robin] (3)]
  1051 | D:2      | Slain by a goblin

Skill      XL: |  1  2 |
---------------+-------+-----
Staves         | 3 |  3.2
Armour         | 1 |  1.0
Fighting       | |  2.4
Throwing       | |  1.7
Dodging        | |  2.6

Action                   || total
-------------------------++-------
Melee: Quarterstaff      ||    60
       Kick              ||    10
Armor: Leather armour    ||     7
       Plate armour      ||    81
Dodge: Dodged            ||    31
